 Dungeon Crawl Stone Soup version 0.31-a0-217-g58bb5d79cf (webtiles) character file.

Game seed: 7810522673229907197

651 qw the Shooter (level 7, -5/43 HPs)
             Began as a Gargoyle Hexslinger on July 2, 2023.
             Was an Initiate of Okawaru.
             Slain by an ogre
             ... wielding a +0 giant club
              (15 damage)
             ... on level 5 of the Dungeon.
             The game lasted 00:01:40 (4351 turns).

qw the Shooter (Gargoyle Hexslinger)                Turns: 4351, Time: 00:01:41

Health: -5/43      AC: 10    Str: 11    XL:     7   Next: 53%
Magic:  8/8        EV: 15    Int: 14    God:    Okawaru [......]
Gold:   290        SH:  0    Dex: 14    Spells: 7/8 levels left

rFire   . . .        Y - +2 sling (drain)
rCold   . . .        (no shield)
rNeg    + . .        c - +0 ring mail
rPois   inf          (no helmet)
rElec   +            (no cloak)
rCorr   +            (no gloves)
SInv    .            (no boots)
Will    .....        k - amulet of the acrobat
Stlth   +            a - +5 ring of evasion
HPRegen 0.27/turn    j - ring of resist corrosion
MPRegen 0.11/turn

%: acrobat
@: no status effects
A: sickness immunity, AC +4, negative energy resistance 1, electricity
resistance, torment resistance 1, petrification resistance
a: Renounce Religion


You were on level 5 of the Dungeon.
You worshipped Okawaru.
Okawaru was noncommittal.
You visited 2 branches of the dungeon, and saw 6 of its levels.

You collected 290 gold pieces.


Innate Abilities, Weirdness & Mutations

You are immune to sickness and miasma.
Your stone body is resilient. (AC +4)
You are immune to poison.
You resist negative energy. (rN+)
You are resistant to electric shocks. (rElec)
You are resistant to unholy torment.
You are immune to petrification.


   Skills:
 - Level 4.2 Fighting
 + Level 6.8 Ranged Weapons
 - Level 2.3 Armour
 - Level 1.5 Dodging
 - Level 1.0 Spellcasting
 - Level 2.6 Hexes


You had 7 spell levels left.
You knew the following spells:

 Your Spells              Type           Power      Damage    Failure   Level
a - Slow                  Hex            32%        N/A       21%         1

Your spell library contained the following spells:

 Spells                   Type           Power      Damage    Failure   Level
 Inner Flame              Hex/Fire       4%         N/A       71%         3
 Portal Projectile        Hex/Tloc       8%         N/A       71%         3
 Cause Fear               Hex            4%         N/A       90%         4

Inventory:

Hand Weapons
 Y - a +2 sling of draining (weapon)
Armour
 c - a +0 ring mail (worn)
 e - a +0 cloak
 h - the +5 robe of Misfortune {Harm *Corrode *Slow EV+5}
   (You found it on level 5 of the Dungeon)

   EV:        It affects your evasion (+5).
   *Corrode:  It may corrode you when you take damage.
   *Slow:     It may slow you when you take damage.
   Harm:      It increases damage dealt and taken.
Jewellery
 a - a +5 ring of evasion (left hand)
 j - a ring of resist corrosion (right hand)
 k - an amulet of the acrobat (around neck)
Scrolls
 i - 2 scrolls of identify
Potions
 b - a potion of resistance
 d - 2 potions of mutation
 f - 2 potions of curing
 g - 2 potions of enlightenment

Dungeon Overview and Level Annotations

Branches:
Dungeon (5/15)             Temple (1/1) D:4

Altars:
Ashenzari
Elyvilon
Fedhas
Gozag
Hepliaklqana
Okawaru
Qazlal
Ru
Sif Muna
Uskayaw
Wu Jian
Xom
Yredelemnul
The Shining One


Message History

You shoot a sling bullet. The sling bullet hits the phantom.
The phantom is heavily damaged.
You shoot a sling bullet.
The sling bullet closely misses the phantom.
The phantom completely misses you.
You shoot a sling bullet. The sling bullet hits the phantom.
The phantom is heavily damaged.
The phantom closely misses you. x2
You shoot a sling bullet. The sling bullet hits the phantom.
The phantom is severely damaged.
The phantom hits you but does no damage.
You shoot a sling bullet.
The sling bullet hits the phantom but does no damage.
The phantom is severely damaged.
The phantom closely misses you.
You shoot a sling bullet. The sling bullet hits the phantom.
The phantom is almost destroyed.
The phantom closely misses you. The ogre misses you.
You shoot a sling bullet.
The sling bullet closely misses the phantom.
A quokka comes into view.
The phantom hits you but does no damage.
The ogre hits you with a +0 giant club!!
Ouch! That really hurt!
The phantom barely misses you.
You shoot a sling bullet. The sling bullet hits the phantom.
The phantom is almost destroyed.
The phantom hits you.
The phantom blinks!
You blink.
You shoot a sling bullet.
The sling bullet barely misses the phantom.
The phantom completely misses you.
You shoot a sling bullet.
The sling bullet closely misses the phantom.
The phantom hits you. The ogre closely misses you.
You shoot a sling bullet. The sling bullet misses the phantom.
The phantom barely misses you. The ogre closely misses you.
You shoot a sling bullet.
The sling bullet closely misses the phantom.
The phantom barely misses you. x2; The ogre hits you with a +0 giant club!
You die...

.#.#.#..#
........#
#.#.#..# .....#
#.>#### ###
#.....# ### ..#
##.##.# ##...##
#.#
#.##.####.......
#.#
#.##.W@Ocr..:#
#.#
#.##.####..###
#.# #.##.# .##
#.# ###.##.# #.
#.# #...##.# ..
#.# #.####.# ...
#.# #.# #.# ...
#.# #.# #.# ....
#.# #.#


You could see an ogre, a phantom, a centaur and a quokka.

Vanquished Creatures
  Menkaure (D:4)
  An ice beast (D:4)
  An ogre (D:5)
  A scorpion (D:4)
  A hound (D:4)
  An iguana (D:4)
  3 orc wizards (D:4)
  4 gnolls (D:3)
  2 adders
  A worm (D:3)
  2 dart slugs
  13 orcs
  8 ball pythons
  8 endoplasms
  3 giant cockroaches
  5 hobgoblins
  7 jackals
  4 kobolds
  3 quokkas
  9 bats
  5 frilled lizards
  8 goblins
  6 rats
97 creatures vanquished.

Notes
Turn   | Place    | Note
-------+----------+-------------------------------------------
     0 | D:1      | qw the Gargoyle Hexslinger began the quest for the Orb.
     0 | D:1      | Reached XP level 1. HP: 12/12 MP: 2/2
     0 | D:1      | 0 ||| qw: Version: 0.3-a-40-ge99b1a8
     0 | D:1      | 0 ||| qw: Game counter: 8010
     0 | D:1      | 0 ||| qw: Melee chars always use a shield: true
     0 | D:1      | 0 ||| qw: God list: Okawaru
     0 | D:1      | 0 ||| qw: Allow faded altars: false
     0 | D:1      | 0 ||| qw: Do Orc after clearing Dungeon:15 true
     0 | D:1      | 0 ||| qw: Do second Lair branch before Depths: true
     0 | D:1      | 0 ||| qw: Lair rune preference: random
     0 | D:1      | 0 ||| qw: Goals: Normal
     0 | D:1      | 0 ||| PLANNING D:1-11
    89 | D:1      | Reached XP level 2. HP: 15/16 MP: 3/3
   110 | D:1      | Reached skill level 3 in Ranged Weapons
   425 | D:1      | Reached XP level 3. HP: 21/21 MP: 4/4
   788 | D:1      | 788 ||| UPGRADING to +0 leather armour.
   798 | D:1      | 798 ||| DROPPING +0 robe.
   799 | D:1      | 799 ||| READING scroll labelled EMMEDOY JAZ YCIPUH.
   800 | D:1      | 800 ||| READING 2 scrolls labelled NIUK XONUKLIPT.
   801 | D:1      | 801 ||| DROPPING scroll of poison.
   885 | D:2      | 885 ||| UPGRADING to +5 ring of evasion.
  1271 | D:2      | Found a faded altar of an unknown god.
  1373 | D:2      | Reached XP level 4. HP: 26/26 MP: 5/5
  1707 | D:2      | 1707 ||| UPGRADING to ring of resist corrosion.
  1708 | D:2      | 1708 ||| READING scroll labelled ZYBOWU KOIBB.
  1709 | D:2      | 1709 ||| READING scroll labelled CAESSEFEIH.
  1710 | D:2      | 1710 ||| READING scroll labelled GYIBBOIXISS.
  1711 | D:2      | 1711 ||| READING scroll labelled FEINLE WOUNY.
  1714 | D:2      | 1714 ||| READING 5 scrolls of identify.
  1714 | D:2      | 1714 ||| IDENTIFYING lumpy brown potion
  1715 | D:2      | 1715 ||| READING 4 scrolls of identify.
  1715 | D:2      | 1715 ||| IDENTIFYING puce potion
  1716 | D:2      | 1716 ||| READING 3 scrolls of identify.
  1716 | D:2      | 1716 ||| IDENTIFYING coppery potion
  1717 | D:2      | 1717 ||| READING 2 scrolls of identify.
  1717 | D:2      | 1717 ||| IDENTIFYING emerald potion
  1718 | D:2      | 1718 ||| DROPPING potion of degeneration.
  1719 | D:2      | 1719 ||| DROPPING potion of ambrosia.
  1801 | D:3      | Reached skill level 4 in Ranged Weapons
  2091 | D:3      | Reached XP level 5. HP: 27/30 MP: 6/6
  2116 | D:3      | 2116 ||| FLEEEEING.
  2118 | D:3      | 2118 ||| FLEEEEING.
  2119 | D:3      | 2119 ||| FLEEEEING.
  2120 | D:3      | 2120 ||| FLEEEEING.
  2121 | D:3      | 2121 ||| FLEEEEING.
  2122 | D:3      | 2122 ||| FLEEEEING.
  2123 | D:3      | 2123 ||| FLEEEEING.
  2124 | D:3      | 2124 ||| FLEEEEING.
  2204 | D:3      | Reached skill level 5 in Ranged Weapons
  2486 | D:3      | 2486 ||| UPGRADING to amulet of the acrobat.
  2491 | D:3      | 2491 ||| READING 3 scrolls labelled YDUT UTZYLAIWI.
  2492 | D:3      | 2492 ||| READING 2 scrolls labelled TEURAT REPIE.
  2493 | D:3      | 2493 ||| READING 2 scrolls of identify.
  2493 | D:3      | 2493 ||| IDENTIFYING viscous ruby potion
  2494 | D:3      | 2494 ||| DROPPING 2 scrolls of butterflies.
  2495 | D:3      | 2495 ||| DROPPING scroll of noise.
  2763 | D:4      | Noticed Menkaure
  2768 | D:4      | HP: 4/30 [Menkaure (21)]
  2772 | D:4      | Killed Menkaure
  2773 | D:4      | Reached XP level 6. HP: 7/38 MP: 7/7
  2942 | D:4      | 2942 ||| Stepping ~*~*~tactically~*~*~ (outnumbered).
  3098 | D:4      | Reached skill level 6 in Ranged Weapons
  3126 | D:4      | Found a staircase to the Ecumenical Temple.
  3127 | D:4      | 3127 ||| PLANNING TEMPLE
  3127 | D:4      | 3127 ||| READING 2 scrolls of identify.
  3127 | D:4      | 3127 ||| IDENTIFYING ruby potion
  3136 | Temple   | Entered the Ecumenical Temple
  3197 | Temple   | 3197 ||| PLANNING OKAWARU WORSHIP
  3391 | Temple   | Became a worshipper of Warmaster Okawaru
  3392 | Temple   | 3392 ||| PLANNING D:1-11
  3536 | D:4      | Reached XP level 7. HP: 33/43 MP: 8/8
  3546 | D:4      | 3546 ||| FLEEEEING.
  3547 | D:4      | 3547 ||| FLEEEEING.
  3555 | D:4      | 3555 ||| STAIRDANCE
  4028 | D:4      | 4028 ||| UPGRADING to +0 ring mail.
  4038 | D:4      | 4038 ||| DROPPING +0 leather armour.
  4039 | D:4      | 4039 ||| READING 3 scrolls of identify.
  4039 | D:4      | 4039 ||| IDENTIFYING bubbling clear potion
  4040 | D:4      | 4040 ||| DROPPING potion of berserk rage.
  4106 | D:5      | Entered Level 5 of the Dungeon
  4107 | D:5      | 4107 ||| PLANNING SEWER
  4120 | D:5      | 4120 ||| STAIRDANCE
  4193 | D:5      | Found the +5 robe of Misfortune {Harm *Corrode *Slow EV+5}
  4349 | D:5      | HP: 9/43 [phantom (5)]
  4351 | D:5      | Slain by an ogre

Levels and vault maps discovered:
D:1:      lightli_arrival_boilingwater, layout_basic
D:2:      layout_loops_corners, nicolae_ecumenical_snake_handling,
          reono_crystal_passage, chequers_serial_rivers_room_a
D:3:      layout_loops_ring, minmay_box_of_dots
D:4:      layout_basic, lemuel_temple_firewalk_a, serial_co_window_serial,
          co_window_of_opportunity_a, co_window_corner_a, co_window_paths_a,
          co_window_corner_a, co_window_paths_b, co_window_corner_a,
          co_window_2corner, co_window_corner_b, co_window_broadway_c,
          co_window_broadway_a, co_window_cross_2, co_window_paths_d,
          glass_columns_b, glass_columns_b, glass_columns_a, glass_columns_c,
          glass_columns_a, uniq_menkaure
D:5:      layout_loops_ring, jmf_multi_god_temple, portal_sewer_entry_d,
          serial_glass, glass_columns_a, glass_columns_a, glass_columns_b,
          glass_columns_c, glass_columns_a, glass_columns_b, glass_columns_c,
          glass_columns_a, glass_columns_a, glass_columns_a, minmay_manual_moon
Temple:   minmay_temple_curvy_branch

Skill      XL: |  1  2  3  4  5  6  7 |
---------------+----------------------+-----
Ranged Weapons | 3 4 5 6 |  6.8
Fighting       | 2 4 |  4.2
Armour         | 2 |  2.3
Dodging        | |  1.5
Spellcasting   | |  1.0
Hexes          | |  2.6

Action                     |  1- 3 |  4- 6 |  7- 9 || total
---------------------------+-------+-------+-------++-------
   Fire: Sling             |   167 |   148 |    53 ||   368
    Use: Scroll            |     2 |    12 |     1 ||    15
 Armour: Robe              |    26 |       |       ||    26
         Leather armour    |    10 |    18 |       ||    28
         Ring mail         |       |       |     5 ||     5
  Dodge: Dodged            |   100 |    65 |    29 ||   194

Table legend:
 A = Non-vault XP
 B = Vault XP
 C = Vault XP percentage of total XP
 D = Non-vault monster count
 E = Vault monster count
 F = Vault count percentage of total count
                 A         B        C        D         E       F
            +---------+---------+-------+---------+---------+-------
      Total |     734 |     197 |  21.2 |      88 |       9 |   9.3
            +---------+---------+-------+---------+---------+-------
        D:1 |      47 |       0 |   0.0 |      28 |       0 |   0.0
        D:2 |      25 |      17 |  40.5 |      16 |       4 |  20.0
        D:3 |     106 |       8 |   7.0 |      22 |       4 |  15.4
        D:4 |     433 |     172 |  28.4 |      19 |       1 |   5.0
        D:5 |     123 |       0 |   0.0 |       3 |       0 |   0.0
            +---------+---------+-------+---------+---------+-------
